 Dungeon Crawl Stone Soup version 0.31-a0-486-g8d68a81214 (webtiles) character file.

Game seed: 10296999470538913666

86 javelincjr the Ducker (level 4, -3/34 HPs)
             Began as a Demonspawn Gladiator on Aug 7, 2023.
             Slain by Sigmund
             ... wielding a +0 scythe of flaming
              (9 damage)
             ... on level 2 of the Dungeon.
             The game lasted 00:07:35 (1582 turns).

javelincjr the Ducker (Demonspawn Gladiator)        Turns: 1582, Time: 00:07:36

Health: -3/34      AC:  3    Str: 16    XL:     4   Next: 26%
Magic:  4/4        EV: 12    Int:  9    God:
Gold:   44         SH:  0    Dex: 15    Spells: 3/3 levels left

rFire   . . .        a - +0 trident
rCold   + . .        (no shield)
rNeg    . . .        b - +0 leather armour
rPois   .            (helmet restricted)
rElec   .            (no cloak)
rCorr   .            (no gloves)
SInv    .            (no boots)
Will    .....        (no amulet)
Stlth   +            l - ring of protection from cold
HPRegen 0.25/turn    (no ring)
MPRegen 0.09/turn

%: no passive effects
@: no status effects
A: antennae 2
a: no special abilities


You were on level 2 of the Dungeon.
You visited 1 branch of the dungeon, and saw 2 of its levels.

You collected 44 gold pieces.

Inventory:

Hand Weapons
 a - a +0 trident (weapon)
Missiles
 e - a javelin
 p - 3 poisoned darts
Armour
 b - a +0 leather armour (worn)
 c - a +0 helmet
Jewellery
 l - a ring of protection from cold (left hand)
Wands
 m - a wand of quicksilver (8)
Scrolls
 f - a scroll of amnesia {unknown}
 g - a scroll of acquirement {unknown}
 o - a scroll of noise {unknown}
Potions
 h - a potion of haste
 i - a potion of berserk rage {unknown}
 j - a potion of curing {unknown}
 k - a potion of attraction {unknown}
 n - a potion of brilliance {unknown}


   Skills:
 + Level 2.8 Fighting
 + Level 3.2 Polearms
 + Level 2.5 Throwing
 + Level 3.3 Dodging


You had 3 spell levels left.
You didn't know any spells.
Your spell library was empty.

Dungeon Overview and Level Annotations

Branches:
Dungeon (2/15)

Altars:

Shops:
D:1 ?

Annotations:
D:2 Natasha, Sigmund


Innate Abilities, Weirdness & Mutations

You have a pair of antennae on your head.


Message History

Press: ? - help, Dir - move target, f/p - Sigmund
Aim: Sigmund, wielding a +0 scythe of flaming and wearing a +1 robe (heavily wounded, entangled in a net, about 11% to evade your +0 trident)
You reach to attack!
You hit Sigmund but do no damage.
Sigmund is heavily wounded.
Reach: a) +0 trident
Press: ? - help, Dir - move target, f/p - Sigmund
Aim: Sigmund, wielding a +0 scythe of flaming and wearing a +1 robe (heavily wounded, entangled in a net, about 11% to evade your +0 trident)
You reach to attack!
You hit Sigmund but do no damage.
Sigmund is heavily wounded.
Sigmund struggles against the net.
Reach: a) +0 trident
Press: ? - help, Dir - move target, f/p - Sigmund
Aim: Sigmund, wielding a +0 scythe of flaming and wearing a +1 robe (heavily wounded, entangled in a net, about 11% to evade your +0 trident)
You reach to attack!
You hit Sigmund but do no damage.
Sigmund is heavily wounded.
Sigmund struggles against the net.
The net rips apart, and Sigmund comes free!
Reach: a) +0 trident
Press: ? - help, Dir - move target, f/p - Sigmund
Aim: Sigmund, wielding a +0 scythe of flaming and wearing a +1 robe (heavily wounded, about 45% to evade your +0 trident)
You reach to attack!
You barely miss Sigmund.
Sigmund is heavily wounded.
Sigmund hits you but does no damage.
Reach: a) +0 trident
Press: ? - help, Dir - move target, f/p - Sigmund
Aim: Sigmund, wielding a +0 scythe of flaming and wearing a +1 robe (heavily wounded, about 45% to evade your +0 trident)
You reach to attack!
You closely miss Sigmund.
Sigmund is heavily wounded.
Sigmund hits you from afar with a +0 scythe of flaming.
Sigmund burns you.
Reach: a) +0 trident
Press: ? - help, Dir - move target, f/p - Sigmund
Aim: Sigmund, wielding a +0 scythe of flaming and wearing a +1 robe (heavily wounded, about 45% to evade your +0 trident)
You reach to attack!
You hit Sigmund but do no damage.
Sigmund is heavily wounded.
Sigmund casts a spell at you. The magic dart hits you.
* * * LOW HITPOINT WARNING * * *
Sigmund hits you from afar with a +0 scythe of flaming!
You die...

## #5 #. #. ##########..
#. .........#.# #.
########.#.#...#.# #.
#........#.#.#.#.#######.
#.######@#.#.#.#.#.....#.
######†#.#.#.#.#+###...
#......@.#...#.........
#........#...#.........
#........##..#.........
#...................g..
#####..#.#...#.......#.
......>.(..#.........
#######...#.#.......##


You could see Sigmund.

Vanquished Creatures
  Natasha (twice) (D:2)
  A worm (D:2)
  4 bats
  5 endoplasms
  4 giant cockroaches
  3 hobgoblins
  2 jackals (D:1)
  A quokka (D:1)
  3 ball pythons (D:2)
  3 frilled lizards
  3 kobolds
  2 rats (D:2)
33 creatures vanquished.

Notes
Turn   | Place    | Note
-------+----------+-------------------------------------------
     0 | D:1      | javelincjr the Demonspawn Gladiator began the quest for the
                  | Orb.
     0 | D:1      | Reached XP level 1. HP: 16/16 MP: 1/1
   374 | D:1      | Discovered your monstrous ancestry.
   374 | D:1      | Gained mutation: You have a pair of small antennae on your
                  | head. [demonic ancestry]
   374 | D:1      | Reached XP level 2. HP: 22/22 MP: 2/2
   420 | D:1      | Found Icunt's Magic Scroll Shoppe.
   904 | D:2      | Noticed Sigmund
  1163 | D:2      | Reached XP level 3. HP: 25/28 MP: 3/3
  1189 | D:2      | Noticed Natasha
  1195 | D:2      | Killed Natasha
  1355 | D:2      | Noticed Natasha
  1367 | D:2      | Killed Natasha
  1368 | D:2      | Gained mutation: You have a pair of antennae on your head.
                  | [demonic ancestry]
  1368 | D:2      | Reached XP level 4. HP: 13/34 MP: 4/4
  1390 | D:2      | Noticed Natasha
  1412 | D:2      | HP: 1/34 [something (4)]
  1582 | D:2      | Slain by Sigmund

Illustrated notes

Levels and vault maps discovered:
D:1:      wander_arrival_fairy_ring, layout_basic, serial_shops, shop
D:2:      layout_basic, basic_altar, grunt_decor_one_mirror, grunt_ministairs_1,
          chequers_serial_rivers_micro_a, uniq_sigmund, uniq_natasha

Skill      XL: |  1  2 |
---------------+-------+-----
Throwing       | 2 |  2.5
Dodging        | 3 |  3.3
Polearms       | 3 |  3.2
Fighting       | |  2.8

Action                     |  1- 3 |  4- 6 || total
---------------------------+-------+-------++-------
  Melee: Trident           |   116 |    26 ||   142
         Punch             |     1 |       ||     1
  Throw: Throwing net      |     1 |     2 ||     3
    Use: Potion            |       |     1 ||     1
   Stab: Sleeping          |     1 |       ||     1
         Held in net/web   |       |     2 ||     2
 Armour: Leather armour    |    22 |     6 ||    28
  Dodge: Dodged            |    66 |    19 ||    85

Table legend: (Time is in decaauts)
 A = Elapsed time spent in this place.
 B = Non-inter-level travel time spent in this place.
 C = Inter-level travel time spent in this place.
 D = Time resting spent in this place.
 E = Time spent auto-exploring this place.
 F = Levels seen in this place.
 G = Mean time per level.
                   A        B        C        D        E       F      G
               +--------+--------+--------+--------+--------+-----+--------+
         Total |   1609 |   1554 |     55 |    316 |    855 |   2 |  804.5 |
       Dungeon |   1609 |   1554 |     55 |    316 |    855 |   2 |  804.5 |
               +--------+--------+--------+--------+--------+-----+--------+

Top non-repeatable levels by time:
     D:1: 1111 daAuts
     D:2: 497 daAuts
